 Dungeon Crawl Stone Soup version 0.17-a0-744-gaa96792 (webtiles) character file.

4354 Sixotanaka the Cleaver (level 10, -2/53 HPs)
             Began as a Vine Stalker Berserker on Apr 20, 2015.
             Was an Elder of Trog.
             Slain by a porcupine (8 damage)
             ... on level 11 of the Dungeon on Apr 21, 2015.
             The game lasted 00:26:54 (2637 turns).

Sixotanaka the Cleaver (Vine Stalker Berserker)     Turns: 2637, Time: 00:26:54

Health: -2/53      AC:  9    Str: 21    XL:     10   Next: 34%
Magic:  0/11       EV: 13    Int:  7    God:    Trog [****..]
Gold:   199        SH:  0    Dex: 16    Spells: 0 memorised, 9 levels left

rFire  + . .     SeeInvis .     w - +3 war axe (venom)
rCold  x . .     Clarity  .     g - +0 scale mail (curse)
rNeg   + . .     SustAb   .     (no shield)
rPois  .         Gourm    .     (no helmet)
rElec  .         Spirit   +     (no cloak)
rCorr  .         Warding  .     (no gloves)
rMut   .         Stasis   .     d - +0 pair of boots (curse)
MR     +++..                    (no amulet)
Stlth  ..........               p - ring of fire (curse)
                                e - ring of positive energy (curse)

@: regenerating, extremely resistant to hostile enchantments, extremely
unstealthy
A: fangs 3, regeneration 2, shaggy fur 1, magic shield, antimagic bite, no
device heal 3, rot immunity
a: Burn Spellbooks, Berserk, Trog's Hand, Brothers in Arms, Renounce Religion


You were on level 11 of the Dungeon.
You worshipped Trog.
Trog was greatly pleased with you.
You were very hungry.

You visited 2 branches of the dungeon, and saw 12 of its levels.
You also visited: Sewer and Ossuary.

You collected 199 gold pieces.


Innate Abilities, Weirdness & Mutations

You have razor-sharp teeth.
You heal very quickly.
You are covered in fur (AC +1).
When hurt, damage is shared between your health and your magic reserves.
Your bite disrupts and absorbs the magic of your enemies.
Potions and wands cannot restore your health.
You are immune to rotting.


   Skills:
 + Level 6.8 Fighting
 * Level 9.1 Axes
 + Level 5.5 Armour
 + Level 5.6 Dodging


You had 9 spell levels left.
You didn't know any spells.

Dungeon Overview and Level Annotations

Branches:
Dungeon (11/15)            Temple (1/1) D:6
   Lair: D:8-11         Orc: D:9-12

Altars:
Dithmenos
Kikubaaqudgha
Makhleb
Okawaru
Ru
Sif Muna
Vehumet
Xom
Yredelemnul

Shops:
D:5 *   D:9 =

Annotations:
D:2 exclusion: downstairs

Inventory:

Hand weapons
 a - a cursed +0 hand axe
 v - a +0 dagger
 w - a +3 war axe of venom (weapon)
   (You found it on level 7 of the Dungeon)
Missiles
 E - 5 poisoned needles
 F - 2 curare-tipped needles
Armour
 d - a cursed +0 pair of boots (worn)
 g - a cursed +0 scale mail (worn)
Jewellery
 e - a cursed ring of positive energy (left hand)
 p - a cursed ring of fire (right hand)
 u - a cursed amulet of inaccuracy
Magical devices
 C - a wand of fire (11)
 I - a wand of slowing (7)
Scrolls
 h - 5 scrolls of remove curse {@r2}
 i - a scroll of fog {unknown}
 j - 4 scrolls of teleportation {@r4}
 n - a scroll of fear
 q - a scroll of recharging
 t - a scroll of acquirement {unknown}
 x - a scroll of enchant weapon
 y - 3 scrolls of identify {@r1}
Potions
 b - 3 potions of brilliance {unknown}
 f - 3 potions of restore abilities {unknown}
 k - 3 potions of heal wounds {@q2}
 l - 3 potions of might
 m - 2 potions of curing {@q1}
 o - a potion of lignification {unknown}
 s - 3 potions of haste {unknown}
 z - 2 potions of flight {unknown}
 A - 2 potions of agility {unknown}
 H - a potion of cancellation {unknown}
Books
 D - Terilall's Disquisition on Quantum Protection
   (You found it on level 8 of the Dungeon)

   Spells                             Type                      Level
   a - Shroud of Golubria             Charms/Translocation         2
   b - Flight                         Charms/Air                   3
   c - Control Teleport               Charms/Translocation         4
   d - Warp Weapon                    Charms/Translocation         5
   Trog disapproves of the use of such an item.
Comestibles
 c - a bread ration
 r - 2 beef jerkies

##.(# #.(.# #..(#
### ##.(.##...#
#..r###...#
....###..r##....#
.........t.##....#
.##.....Yr#.....#
###....Y@.....##
##...........#
##..........######
#..................
#..#######<........
#..## ###...#### ..
###


You could see a crocodile, a porcupine, 2 sheep and 2 river rats.


Message History

The porcupine barely misses you.
You slash the crocodile!
You kill the crocodile!
Trog accepts your kill.
You slash the porcupine!
The porcupine is poisoned.
You feel the effects of Trog's Hand fading.
You feel sick. The porcupine bites you.
* * * LOW HITPOINT WARNING * * *
You hit the porcupine.
The porcupine looks even sicker.
You bite the porcupine. You drain its power.
You feel invigorated.
You kill the porcupine!
Trog accepts your kill.
You hit the sheep.
The sheep is poisoned.
You slash the sheep!
The sheep is poisoned.
You slash the sheep!
The sheep looks even sicker.
You slash the sheep!
The sheep is poisoned.
The sheep bites you but does no damage. The sheep bites you!
* * * LOW HITPOINT WARNING * * *
The sheep bites you.
* * * LOW HITPOINT WARNING * * *
The sheep "Baaaas" balefully.
You're too hungry to go berserk.
Unknown command.
You hit the sheep.
You kill the sheep!
Trog accepts your kill.
You hit the sheep.
The sheep looks even sicker.
You hit the sheep.
You kill the sheep!
Trog accepts your kill.
You feel sick.
You kill the sheep!
Trog accepts your kill.
Unknown command.
You barely miss the sheep. You bite the sheep, but do no damage.
The sheep barely misses you.
Drink which item? (? for menu, Esc to quit)
You feel better. The crocodile bites you!
* * * LOW HITPOINT WARNING * * *
Your skin stops crawling.
You feel less resistant to hostile enchantments.
The sheep misses you.
The river rat twitches its whiskers.
You see here a whip.
Things that are here:
a dagger; a stone You see here 2 stones.
You see here a stone.
Your skin crawls.
You feel resistant to hostile enchantments.
You feel slightly more hungry. The sheep bites you.
* * * LOW HITPOINT WARNING * * *
You slash the sheep!
The sheep is poisoned.
Your bite misses the sheep. The sheep barely misses you.
You hit the sheep. You bite the sheep. You drain its power.
You feel invigorated.
You kill the sheep!
Trog accepts your kill.
You slash the crocodile!
The crocodile is poisoned.
The crocodile bites you!
* * * LOW HITPOINT WARNING * * *
The crocodile barely misses you.
You barely miss the crocodile. Your bite misses the crocodile.
The crocodile bites you.
* * * LOW HITPOINT WARNING * * *
You are struck by the porcupine's spines.
* * * LOW HITPOINT WARNING * * *
You closely miss the porcupine.
You feel the effects of Trog's Hand fading.
The porcupine bites you.
* * * LOW HITPOINT WARNING * * *
The porcupine bites you!
You die...

Action                   |  1- 3 |  4- 6 |  7- 9 | 10-12 || total
-------------------------+-------+-------+-------+-------++-------
Melee: Hand axe          |    59 |    99 |    96 |       ||   254
       War axe           |       |       |   220 |    35 ||   255
Invok: Berserk           |     1 |     3 |     6 |       ||    10
       Trog's Hand       |       |     1 |     6 |     2 ||     9
  Use: Scroll            |       |       |     9 |       ||     9
       Potion            |       |       |     2 |     1 ||     3
  Eat: Chunk             |       |     4 |     4 |       ||     8
       Bread ration      |       |       |     1 |       ||     1
       Meat ration       |       |       |     1 |       ||     1

Vault maps used:
D:1:      elethiomel_arrival_quiet
D:2:      first_bread, tgw_trog
D:3:      gup_sewer_entry_spiral, uniq_sigmund
D:4:      minmay_goblin_kobold_castle, lightli_corner_chamber
D:5:      lemuel_zombie_altar_yredelemnul, serial_shops,
          nicolae_shop_competitors_out_of_business, st_stairs_11,
          minmay_stone_trees_small
D:6:      grunt_gozag_statues, minmay_temple_entry_glass
D:7:      basic_altar, enter_ossuary_3
D:8:      nicolae_whirlpool, basic_altar
D:9:      serial_shops, nicolae_shop_crystal, uniq_prince_ribbit1
D:11:     minmay_lair_entry_grove, zombieorc2_lemuel
Temple:   minmay_crystal_snake_temple_18
Sewer:    sewer_co_cracked_pipes
Ossuary:  ossuary_zaba_flooded

Notes
Turn   | Place    | Note
--------------------------------------------------------------
     0 | D:1      | Sixotanaka, the Vine Stalker Berserker, began the quest for the Orb.
     0 | D:1      | Reached XP level 1. HP: 11/11 MP: 2/2
   147 | D:3      | Noticed Sigmund
   175 | D:2      | Upgraded the game from 0.17-a0-743-g552e03a to 0.17-a0-744-gaa96792
   218 | D:2      | Reached XP level 2. HP: 8/16 MP: 3/3
   285 | D:2      | Reached skill level 3 in Axes
   285 | D:2      | Reached XP level 3. HP: 19/19 MP: 4/4
   290 | D:2      | Reached skill level 3 in Fighting
   345 | D:2      | Reached skill level 2 in Armour
   345 | D:2      | Reached skill level 2 in Dodging
   371 | D:3      | Killed Sigmund
   371 | D:3      | Reached skill level 4 in Axes
   371 | D:3      | Reached XP level 4. HP: 25/25 MP: 5/5
   371 | D:3      | Reached XP level 5. HP: 28/28 MP: 6/6
   417 | D:3      | Acquired Trog's second power
   481 | D:3      | Found a glowing drain.
   487 | Sewer    | Entered a sewer
   498 | Sewer    | Gained mutation: You heal very quickly. [Vine Stalker growth]
   498 | Sewer    | Reached XP level 6. HP: 26/33 MP: 7/7
   736 | D:3      | Noticed an orc priest
   746 | D:3      | Killed an orc priest
   846 | D:5      | Entered Level 5 of the Dungeon
   846 | D:5      | Found Itropoh's Assorted Antiques.
   874 | D:5      | Reached skill level 3 in Armour
  1007 | D:5      | Found a basalt altar of Yredelemnul.
  1065 | D:5      | Reached skill level 4 in Fighting
  1065 | D:5      | Reached skill level 3 in Dodging
  1065 | D:5      | Reached XP level 7. HP: 15/37 MP: 8/8
  1081 | D:6      | Found a staircase to the Ecumenical Temple.
  1091 | D:6      | HP: 9/37 [ice beast (7)]
  1097 | D:6      | HP: 10/55 [ice beast (5)]
  1104 | D:6      | Reached skill level 5 in Axes
  1122 | Temple   | Entered the Ecumenical Temple
  1303 | D:6      | HP: 8/38 [ogre/giant spiked club (9)]
  1305 | D:6      | Gained mutation: You have razor-sharp teeth. [Vine Stalker growth]
  1305 | D:6      | Reached XP level 8. HP: 9/42 MP: 4/9
  1346 | D:6      | HP: 5/63 [orc warrior/halberd (14)]
  1404 | D:6      | Reached skill level 6 in Axes
  1432 | D:7      | Found a sand-covered staircase.
  1449 | Ossuary  | Entered an ossuary
  1468 | Ossuary  | Reached skill level 4 in Dodging
  1498 | Ossuary  | Reached skill level 5 in Fighting
  1505 | Ossuary  | Reached skill level 4 in Armour
  1528 | Ossuary  | HP: 7/43 [wyvern zombie (5)]
  1539 | Ossuary  | HP: 8/43 [centaur zombie (3)]
  1551 | Ossuary  | HP: 5/43 [mummy (10)]
  1725 | D:7      | Reached XP level 9. HP: 42/47 MP: 10/10
  1735 | D:7      | Found an ancient bone altar of Kikubaaqudgha.
  1779 | D:7      | Reached skill level 7 in Axes
  1799 | D:7      | Acquired Trog's third power
  1894 | D:8      | Identified Terilall's Disquisition on Quantum Protection
  1941 | D:9      | Noticed Prince Ribbit
  1947 | D:10     | Entered Level 10 of the Dungeon
  1961 | D:10     | HP: 11/47 [poisoned by kobold (curare-tipped needle)]
  1963 | D:10     | HP: 4/47 [hippogriff (4)]
  1971 | D:10     | HP: 11/72 [kobold/short sword (2)]
  1996 | D:9      | Found Lynam's Jewellery Shoppe.
  2016 | D:9      | HP: 12/48 [Prince Ribbit (3)]
  2029 | D:9      | Killed Prince Ribbit
  2043 | D:9      | Reached skill level 6 in Fighting
  2043 | D:9      | Reached skill level 8 in Axes
  2066 | D:9      | Reached skill level 5 in Armour
  2066 | D:9      | Reached skill level 5 in Dodging
  2135 | D:8      | Found a basalt altar of Yredelemnul.
  2543 | D:11     | Reached XP level 10. HP: 50/53 MP: 11/11
  2595 | D:11     | Reached skill level 9 in Axes
  2604 | D:11     | HP: 12/53 [sheep (5)]
  2607 | D:11     | HP: 5/53 [crocodile (8)]
  2632 | D:11     | HP: 13/53 [crocodile (7)]
  2637 | D:11     | HP: 9/53 [porcupine's spines (6)]
  2637 | D:11     | Slain by a porcupine

Vanquished Creatures
  Prince Ribbit (D:9)
  Sigmund (D:3)
  A basilisk (D:11)
  A wyvern (D:11)
  2 hippogriffs (D:10)
  2 porcupines (D:11)
  4 ice beasts
  A sky beast (D:9)
  An orc warrior (D:6)
  A centaur (D:8)
  2 ogres
  A crocodile (D:11)
  4 big kobolds
  A wyvern zombie (Ossuary)
  3 giant frogs
  A scorpion (D:6)
  6 killer bees (D:11)
  3 bog bodies (Ossuary)
  2 crimson imps
  2 centaur zombies (Ossuary)
  4 orc priests
  5 giant frog zombies
  A gnoll shaman (D:7)
  A giant frog skeleton (D:6)
  8 orc wizards
  3 worker ants
  A killer bee zombie (Ossuary)
  5 sheep (D:11)
  A hound skeleton (D:6)
  A worker ant zombie (Ossuary)
  9 gnolls
  8 mummies (Ossuary)
  6 adders
  6 river rats
  2 shadow imps
  An ooze (D:2)
  An adder zombie (Ossuary)
  4 giant geckos
  24 orcs
  A bat skeleton (D:6)
  2 bat zombies (Ossuary)
  A giant cockroach (D:4)
  2 gnoll zombies (D:5)
  2 goblins
  6 hobgoblins
  4 ball pythons (Sewer)
  6 bats
  A giant cockroach zombie (Ossuary)
  2 giant gecko zombies (Ossuary)
  6 giant newts
  4 jackals
  2 jackal zombies
  26 kobolds
  13 rats
209 creatures vanquished.

Vanquished Creatures (others)
  2 plants (Ossuary)
2 creatures vanquished.

Grand Total: 211 creatures vanquished
